 Dungeon Crawl Stone Soup version 0.29-a0-284-gf9362112df (webtiles) character file.

Game seed: 8300165630336081492

203 yunder69 the Chopper (level 5, -10/46 HPs)
             Began as a Minotaur Berserker on Mar 31, 2022.
             Was a Believer of Trog.
             Mangled by Pikel
             ... wielding a +1 whip of electrocution
              (11 damage)
             ... on level 4 of the Dungeon.
             The game lasted 00:08:35 (3441 turns).

yunder69 the Chopper (Minotaur Berserker)           Turns: 3441, Time: 00:08:36

Health: -10/46     AC:  6    Str: 21    XL:     5   Next: 51%
Magic:  4/4        EV: 10    Int:  4    God:    Trog [**....]
Gold:   225        SH:  3    Dex: 12    Spells: 4/4 levels left

rFire   . . .      SeeInvis +   o - +3 short sword (protect)
rCold   . . .      Faith    .   u - +0 buckler
rNeg    . . .      Spirit   .   c - +0 scale mail
rPois   .          Reflect  .   (helmet restricted)
rElec   .          Harm     .   (no cloak)
rCorr   .          Rampage  .   (no gloves)
Will    +....                   (no boots)
Stlth   ..........              (no amulet)
HPRegen 0.15/turn               r - ring of willpower
MPRegen 0.09/turn               l - ring of see invisible

@: on berserk cooldown, slowed, very slow
A: horns 2, retaliatory headbutt
a: Renounce Religion, Berserk, Trog's Hand


You were on level 4 of the Dungeon.
You worshipped Trog.
Trog was pleased with you.
You visited 1 branch of the dungeon, and saw 4 of its levels.

You collected 225 gold pieces.

Inventory:

Hand Weapons
 h - a +1 dagger of draining
 k - a +0 war axe
 o - a +3 short sword of protection (weapon)
 p - a +0 trident
Armour
 c - a +0 scale mail (worn)
 u - a +0 buckler (worn)
Jewellery
 l - a ring of see invisible (right hand)
 r - a ring of willpower (left hand)
 t - a +4 ring of evasion
Wands
 b - a wand of polymorph (10)
Scrolls
 a - a scroll of summoning {unknown}
 f - 2 scrolls of teleportation {unknown}
 g - 7 scrolls of identify
 m - a scroll of noise {unknown}
 q - a scroll of fear {unknown}
Potions
 d - a potion of haste {unknown}
 e - 3 potions of cancellation
 i - a potion of lignification {unknown}
 j - a potion of might {unknown}
 n - a potion of heal wounds {unknown}
 s - 3 potions of curing {unknown}


   Skills:
 - Level 4.0 Fighting
 + Level 7.0 Axes
 - Level 2.8 Armour
 - Level 2.5 Dodging
 + Level 0.9 Shields


You had 4 spell levels left.
You didn't know any spells.
Your spell library was empty.

Dungeon Overview and Level Annotations

Branches:
Dungeon (4/15)
 Temple: D:4-7

Altars:
Cheibriados
Elyvilon
Nemelex Xobeh
Qazlal
Trog
Wu Jian

Shops:
D:1 (

Annotations:
D:1 1 exclusion
D:4 Pikel


Innate Abilities, Weirdness & Mutations

You have a pair of horns on your head.
You reflexively headbutt those who attack you in melee.


Message History

You feel a strong urge to attack something.
You puncture Pikel!
Pikel is moderately wounded.
You hit Pikel but do no damage.
Pikel is moderately wounded.
You hear the rapid rusting of a very distant drain.
Pikel hits you but does no damage.
You barely miss Pikel.
Pikel is moderately wounded.
Pikel hits you but does no damage.
You puncture Pikel!
Pikel is heavily wounded.
You block Pikel's attack.
You hit Pikel. Your headbutt misses Pikel.
Pikel is heavily wounded.
You miss Pikel.
Pikel is heavily wounded.
Pikel hits you with a +1 whip of electrocution!
Unknown command.
You feel a strong urge to attack something.
You are no longer berserk.
You are exhausted.
You feel yourself slow down.
You feel the effects of Trog's Hand fading.
Pikel attacks as you move away! You block Pikel's attack.
Pikel hits you with a +1 whip of electrocution.
Pikel attacks as you move away! You block Pikel's attack.
Your skin stops crawling.
You feel less strong-willed. Pikel attacks as you move away!
Pikel hits you with a +1 whip of electrocution. x2
You are electrocuted!!
* * * LOW HITPOINT WARNING * * *
As you read the scroll labelled WIATAE ECUF, it crumbles to dust.
It is a scroll of identify.
e - 3 potions of cancellation Pikel says, "You'll feel the lick of my whip!"
Pikel hits you with a +1 whip of electrocution!
* * * LOW HITPOINT WARNING * * *
You are electrocuted!
You die...

......### #..##.#
###### ###
#.####....###
#...........##
#............#
#..##..†...###
#.#####....######
#..# ###.......#
#.## ####@..## ..
##K## #.. #5# #.
##g# #.5# #.##
#5# . ##.# ..
#.5#


You could see Pikel, 2 lemures and a gnoll.

Vanquished Creatures
  An orc priest (D:3)
  Natasha (D:4)
  Robin (D:2)
  3 gnolls
  An adder (D:2)
  3 worms
  3 orcs (D:3)
  5 bats
  9 endoplasms
  7 giant cockroaches
  12 goblins
  7 hobgoblins
  2 jackals (D:3)
  5 ball pythons
  3 frilled lizards (D:1)
  11 kobolds
  9 rats
83 creatures vanquished.

Notes
Turn   | Place    | Note
-------+----------+-------------------------------------------
     0 | D:1      | yunder69 the Minotaur Berserker began the quest for the
                  | Orb.
     0 | D:1      | Reached XP level 1. HP: 19/19 MP: 0/0
   212 | D:1      | Reached XP level 2. HP: 27/27 MP: 1/1
   745 | D:1      | Found Xiehice's Antique Weapon Emporium.
   789 | D:1      | Reached skill level 4 in Axes
   944 | D:1      | Reached XP level 3. HP: 24/33 MP: 2/2
  1373 | D:2      | Reached ** piety under Trog
  1447 | D:2      | Reached skill level 5 in Axes
  1740 | D:2      | Noticed Robin
  1744 | D:2      | Reached XP level 4. HP: 40/40 MP: 3/3
  1754 | D:2      | Killed Robin
  2024 | D:3      | Found an ornate altar of the Wu Jian Council.
  2101 | D:3      | Found a sparkling altar of Nemelex Xobeh.
  2219 | D:3      | Found a snail-covered altar of Cheibriados.
  2224 | D:3      | Reached skill level 6 in Axes
  2297 | D:3      | Reached XP level 5. HP: 27/46 MP: 4/4
  2559 | D:3      | Found a bloodstained altar of Trog.
  2616 | D:3      | Found a faded altar of an unknown god.
  2769 | D:3      | Found a white marble altar of Elyvilon.
  2769 | D:3      | Found a stormy altar of Qazlal.
  3261 | D:4      | Noticed Natasha
  3267 | D:4      | Killed Natasha
  3416 | D:4      | Noticed a lemure
  3417 | D:4      | Noticed a lemure
  3418 | D:4      | Noticed Pikel
  3421 | D:4      | Noticed a lemure
  3422 | D:4      | Noticed a lemure
  3424 | D:4      | Reached skill level 7 in Axes
  3441 | D:4      | HP: 1/46 [Pikel/+1 whip of electrocution (9)]
  3441 | D:4      | Mangled by Pikel

Illustrated notes

Levels and vault maps discovered:
D:1:      roderic_octagonal_star, layout_basic, serial_shops, nicolae_shop_trees
D:2:      layout_loops_cross, minmay_surrounded, uniq_robin
D:3:      layout_rooms, mainiacjoe_overflow_catch_the_wave,
          overflow_temple_1_default, mainiacjoe_overflow_chevrons,
          gammafunk_temple_overflow_elements,
          hellmonk_ecumenical_altar_leap_of_faith
D:4:      layout_cave_pods, portal_sewer_entry_e, uniq_natasha, uniq_pikel

Skill      XL: |  1  2  3  4  5 |
---------------+----------------+-----
Fighting       | 4 |  4.0
Axes           | 4 5 6 7 |  7.0
Armour         | |  2.8
Dodging        | |  2.5
Shields        | |  0.9

Action                   |  1- 3 |  4- 6 || total
-------------------------+-------+-------++-------
Melee: Hand axe          |    78 |       ||    78
       Headbutt          |    13 |    12 ||    25
       War axe           |     8 |    43 ||    51
       Punch             |       |     1 ||     1
       Short sword       |       |    33 ||    33
Invok: Berserk           |     1 |     2 ||     3
       Trog's Hand       |     1 |     2 ||     3
  Use: Scroll            |       |     1 ||     1
Armor: Scale mail        |    35 |    28 ||    63
       Animal skin       |     1 |       ||     1
Dodge: Dodged            |    50 |    40 ||    90
Block: Buckler           |       |     3 ||     3

Table legend: (Time is in decaauts)
 A = Elapsed time spent in this place.
 B = Non-inter-level travel time spent in this place.
 C = Inter-level travel time spent in this place.
 D = Time resting spent in this place.
 E = Time spent auto-exploring this place.
 F = Levels seen in this place.
 G = Mean time per level.
                   A        B        C        D        E       F      G
               +--------+--------+--------+--------+--------+-----+--------+
         Total |   3479 |   3383 |     96 |    256 |   2623 |   4 |  869.8 |
       Dungeon |   3479 |   3383 |     96 |    256 |   2623 |   4 |  869.8 |
               +--------+--------+--------+--------+--------+-----+--------+

Top non-repeatable levels by time:
     D:1: 1281 daAuts
     D:3: 932 daAuts
     D:2: 741 daAuts
     D:4: 523 daAuts
